 Dungeon Crawl Stone Soup version 0.25-a0-1137-g7f6bfe4 (webtiles) character file.

Game seed: 14585258980551973527, levelgen mode: deterministic

168 Firecrotchwizard the Firebug (level 5, -1/38 HPs)
             Began as a Draconian Fire Elementalist on May 24, 2020.
             Slain by a sky beast (4 damage)
             ... on level 5 of the Dungeon.
             The game lasted 00:08:48 (4500 turns).

Firecrotchwizard the Firebug (DrFE)                 Turns: 4500, Time: 00:08:49

Health: -1/38      AC: 10    Str: 10    XL:     5   Next: 24%
Magic:  1/9        EV: 12    Int: 16    God:
Gold:   159        SH:  0    Dex: 12    Spells: 2/10 levels left

rFire    . . .     SeeInvis +   a - +0 whip
rCold    . . .     Gourm    .   (no shield)
rNeg     . . .     Faith    .   (armour unavailable)
rPois    .         Spirit   .   s - +3 hat of the Bull {Slay+2}
rElec    .         Reflect  .   (no cloak)
rCorr    .         Harm     .   (no gloves)
MR       +....                  j - +1 pair of boots
Stlth    ++........             (no amulet)
HPRegen  0.12/turn              l - ring of protection from magic {MR+, !d}
MPRegen  0.11/turn              q - ring of see invisible {sInv, !d}

@: no status effects
A: unfitting armour, cold-blooded, AC +5
a: no special abilities


You were on level 5 of the Dungeon.
You were not hungry.

You visited 1 branch of the dungeon, and saw 6 of its levels.

You collected 159 gold pieces.

Inventory:

Hand Weapons
 a - a +0 whip (weapon)
   (You found it on level 1 of the Dungeon)
Armour
 j - a +1 pair of boots (worn)
   (You found it on level 2 of the Dungeon)
 r - a +0 buckler
   (You found it on level 4 of the Dungeon)
 s - the +3 hat of the Bull (worn) {Slay+2}
   (You found it on level 6 of the Dungeon)

   It affects your accuracy and damage with ranged weapons and melee attacks
   (+2).
Jewellery
 g - an uncursed ring of flight {+Fly, !d}
   (You found it on level 1 of the Dungeon)
 l - a ring of protection from magic (left hand) {MR+, !d}
   (You found it on level 2 of the Dungeon)
 o - an uncursed ring of resist corrosion
   (You found it on level 3 of the Dungeon)
 q - a ring of see invisible (right hand) {sInv, !d}
   (You found it on level 3 of the Dungeon)
Scrolls
 d - 5 scrolls of identify
 e - 3 scrolls of teleportation
 h - a scroll of enchant armour
 i - 4 scrolls of remove curse
 n - a scroll of fear
 t - a scroll of holy word {unknown}
Potions
 c - a potion of lignification {unknown}
 f - a potion of invisibility {unknown}
 k - a potion of curing {unknown}
 m - a potion of brilliance {unknown}
 p - a potion of berserk rage {unknown}
Comestibles
 b - 9 rations
 u - a chunk of flesh {@w0}


   Skills:
 - Level 2.2 Dodging
 - Level 2.0 Stealth
 + Level 3.0 Spellcasting
 * Level 3.3 Conjurations
 + Level 3.8 Fire Magic


You had 2 spell levels left.
You knew the following spells:

 Your Spells              Type           Power        Failure   Level  Hunger
a - Foxfire               Conj/Fire      ##..         4%          1    #......
c - Conjure Flame         Conj/Fire      ##......     13%         3    ###....
s - Sticky Flame          Conj/Fire      ##......     38%         4    #####..

Your spell library contained the following spells:

 Spells                   Type           Power        Failure   Level  Hunger
 Inner Flame              Hex/Fire       #.......     26%         3    ###....
 Fireball                 Conj/Fire      ##........   75%         5    ######.


Dungeon Overview and Level Annotations

Branches:
Dungeon (6/15)
 Temple: D:4-7

Altars:
Fedhas
Ru
The Shining One

Annotations:
D:6 Maggie


Innate Abilities, Weirdness & Mutations

Your plain brown scales are hard. (AC +5)
You cannot fit into any form of body armour.
You are cold-blooded and may be slowed by cold attacks.


Message History

An adder skeleton comes into view.
Found an emerald potion.
Found a stone staircase leading down.
A sky beast comes into view.
A worker ant comes into view.
The worker ant twitches its antennae in your direction.
Okay, then.
The worker ant barely misses you.
You conjure some foxfire!
The worker ant closely misses you.
You now have 8/9 mp.
You hit the worker ant.
The foxfire hits the worker ant.
The worker ant bites you but does no damage.
You conjure some foxfire!
The worker ant bites you but does no damage.
The sky beast flickers out of sight for a moment.
You now have 7/9 mp.
You barely miss the worker ant.
The foxfire hits the worker ant.
The worker ant barely misses you. The worker ant closely misses you.
You don't know that spell.
You conjure some foxfire!
The worker ant bites you.
You are poisoned.
The worker ant poisons you!
You take 5 damage, and have 33/38 hp.
You now have 6/9 mp.
You whack the worker ant!
You kill the worker ant!
Your Spellcasting skill increases to level 3!
You feel sick.
The foxfire hits the sky beast.
You conjure some foxfire!
You feel sick.
The sky beast flickers out of sight for a moment.
The sky beast hits you but does no damage.
You take 1 damage, and have 32/38 hp.
You now have 5/9 mp.
You miss the sky beast.
You feel sick.
The foxfire hits the sky beast.
The sky beast hits you but does no damage.
You take 1 damage, and have 31/38 hp.
You conjure some foxfire!
You feel sick. The sky beast completely misses you.
You take 1 damage, and have 30/38 hp.
You miss the sky beast.
The foxfire hits the sky beast but does no damage.
The sky beast closely misses you.
You conjure some foxfire!
You feel sick. The sky beast hits you. The sky beast shocks you.
You take 7 damage, and have 23/38 hp.
You now have 4/9 mp.
You barely miss the sky beast.
The foxfire hits the sky beast.
The sky beast closely misses you.
You conjure some foxfire!
You feel sick.
The sky beast hits you but does no damage.
You take 1 damage, and have 22/38 hp.
You now have 3/9 mp.
You closely miss the sky beast.
The foxfire hits the sky beast.
The sky beast closely misses you.
You don't know that spell.
You conjure some foxfire!
You feel sick. The sky beast barely misses you.
You take 1 damage, and have 22/38 hp.
You now have 2/9 mp.
You hit the sky beast.
The foxfire hits the sky beast.
The sky beast misses you.
You conjure some foxfire!
The sky beast closely misses you.
You closely miss the sky beast.
You feel sick.
The foxfire hits the sky beast.
The sky beast closely misses you.
You take 1 damage, and have 21/38 hp.
You conjure some foxfire!
The sky beast barely misses you.
You now have 1/9 mp.
You closely miss the sky beast.
The foxfire hits the sky beast but does no damage.
The sky beast hits you but does no damage.
You conjure some foxfire!
You feel sick. The sky beast barely misses you.
You take 1 damage, and have 20/38 hp.
You now have 0/9 mp.
You barely miss the sky beast.
The foxfire hits the sky beast but does no damage.
The sky beast flickers out of sight for a moment.
The sky beast closely misses you.
You hit the sky beast.
Your tail-slap misses the sky beast.
The sky beast hits you but does no damage.
The sky beast hits you. The sky beast shocks you.
You take 8 damage, and have 13/38 hp.
MASSIVE DAMAGE!!
You hit the sky beast.
You feel sick. The sky beast barely misses you.
You take 1 damage, and have 12/38 hp.
You hit the sky beast. The sky beast closely misses you.
You miss the sky beast.
The sky beast hits you but does no damage.
You hit the sky beast but do no damage. You tail-slap the sky beast.
The sky beast hits you but does no damage.
You closely miss the sky beast.
Your tail-slap misses the sky beast.
You feel sick. The sky beast completely misses you.
You take 1 damage, and have 11/38 hp.
You hit the sky beast.
The sky beast hits you but does no damage.
You miss the sky beast.
Your tail-slap misses the sky beast.
The sky beast hits you.
* * * LOW HITPOINT WARNING * * *
The sky beast shocks you.
* * * LOW HITPOINT WARNING * * *
You take 7 damage, and have 4/38 hp.
You closely miss the sky beast.
The sky beast flickers out of sight for a moment.
The sky beast barely misses you.
You barely miss the sky beast.
You feel sick.
You are no longer poisoned.
The sky beast closely misses you.
You take 1 damage, and have 3/38 hp.
You barely miss the sky beast. The sky beast hits you.
You die...

######### .
#........
....##.#####
....>!...ZY.#
#....##.###@#
#... #.#...#
... #.#...#
.. #.#...# .
#.#...#
..#...#
..#...######
#<........
#.##ยง######


You could see a sky beast (invisible) and an adder skeleton.

Vanquished Creatures
  2 worker ants (D:5)
  2 adders (D:3)
  An ooze (D:1)
  An adder zombie (D:2)
  3 worms
  3 dart slugs
  A leopard gecko (D:1)
  An orc (D:3)
  7 bats
  2 giant cockroaches
  9 goblins
  13 hobgoblins
  2 jackals (D:3)
  A quokka (D:3)
  A ball python (D:2)
  11 frilled lizards
  11 kobolds
  13 rats
84 creatures vanquished.

Vanquished Creatures (others)
  85 foxfires
85 creatures vanquished.

Grand Total: 169 creatures vanquished

Notes
Turn   | Place    | Note
-------+----------+-------------------------------------------
     0 | D:1      | Firecrotchwizard the Draconian Fire Elementalist began the
                  | quest for the Orb.
     0 | D:1      | Reached XP level 1. HP: 14/14 MP: 3/3
   333 | D:1      | HP: 2/14 [hobgoblin/+0 club (7)]
   682 | D:1      | Reached skill level 2 in Stealth
   682 | D:1      | Reached XP level 2. HP: 20/20 MP: 5/5
   714 | D:1      | Reached skill level 2 in Dodging
  1129 | D:1      | Reached XP level 3. HP: 16/26 MP: 6/6
  1961 | D:2      | Reached skill level 2 in Conjurations
  2243 | D:2      | Learned a level 3 spell: Conjure Flame
  2324 | D:2      | Found a blossoming altar of Fedhas.
  2472 | D:2      | Reached XP level 4. HP: 24/33 MP: 7/7
  3673 | D:3      | Learned a level 4 spell: Sticky Flame
  3762 | D:3      | Found a sacrificial altar of Ru.
  4253 | D:4      | You fall into a shaft and drop 2 floors!
  4276 | D:6      | Got a faintly glowing hat
  4282 | D:6      | Identified the +3 hat of the Bull {Slay+2} (You found it on
                  | level 6 of the Dungeon)
  4283 | D:6      | Noticed Maggie
  4310 | D:5      | Entered Level 5 of the Dungeon
  4322 | D:5      | Found a glowing golden altar of the Shining One.
  4357 | D:4      | Noticed an ogre
  4374 | D:5      | Reached skill level 3 in Conjurations
  4374 | D:5      | Reached XP level 5. HP: 38/38 MP: 1/9
  4460 | D:5      | Noticed a sky beast
  4473 | D:5      | Reached skill level 3 in Spellcasting
  4497 | D:5      | HP: 4/38 [sky beast (6)]
  4500 | D:5      | Slain by a sky beast

Illustrated notes

Levels and vault maps discovered:
D:1:      dpeg_arrival_ratfight, layout_loops_ring, bh_walls_and_bars
D:2:      layout_loops_ring, fedhas_altar_3
D:3:      layout_rooms, nicolae_overflow_hidden_temple, first_ration,
          dk_vineyard_3
D:4:      layout_rooms, regret_index_temple_of_mockery,
          lemuel_coloured_pillars_altar, minmay_misc_feat_roman
D:5:      layout_basic, kennysheep_little_box, gammafunk_temple_overflow_wave,
          serial_bayou_lagoon_b, uniq_eustachio, uniq_sigmund, uniq_edmund,
          uniq_menkaure
D:6:      layout_gridville, minmay_temple_entry_butterflies, uniq_maggie

Skill      XL: |  1  2  3  4  5 |
---------------+----------------+-----
Stealth        | 2 |  2.0
Dodging        | 2 |  2.2
Conjurations   | 2 3 |  3.3
Spellcasting   | 3 |  3.0
Fire Magic     | |  3.8

Action                   |  1- 3 |  4- 6 || total
-------------------------+-------+-------++-------
Melee: Whip              |   158 |   119 ||   277
       Tailslap          |    18 |     6 ||    24
 Cast: Foxfire           |    24 |    34 ||    58
  Use: Scroll            |       |     4 ||     4
 Stab: Sleeping          |     6 |     1 ||     7
  Eat: Chunk             |     5 |     5 ||    10
       Ration            |       |     1 ||     1
Armor: Skin              |    45 |    44 ||    89
Dodge: Dodged            |   106 |    92 ||   198

Table legend:
 A = Non-vault XP
 B = Vault XP
 C = Vault XP percentage of total XP
 D = Non-vault monster count
 E = Vault monster count
 F = Vault count percentage of total count
                 A         B        C        D         E       F
            +---------+---------+-------+---------+---------+-------
      Total |     236 |       5 |   2.1 |      79 |       5 |   6.0
            +---------+---------+-------+---------+---------+-------
        D:1 |      49 |       5 |   9.3 |      25 |       5 |  16.7
        D:2 |      60 |       0 |   0.0 |      30 |       0 |   0.0
        D:3 |      58 |       0 |   0.0 |      21 |       0 |   0.0
        D:5 |      69 |       0 |   0.0 |       3 |       0 |   0.0
            +---------+---------+-------+---------+---------+-------

Levels and vault maps discovered:
D:1:      dpeg_arrival_ratfight, layout_loops_ring, bh_walls_and_bars
D:2:      layout_loops_ring, fedhas_altar_3
D:3:      layout_rooms, nicolae_overflow_hidden_temple, first_ration,
          dk_vineyard_3
D:4:      layout_rooms, regret_index_temple_of_mockery,
          lemuel_coloured_pillars_altar, minmay_misc_feat_roman
D:5:      layout_basic, kennysheep_little_box, gammafunk_temple_overflow_wave,
          serial_bayou_lagoon_b, uniq_eustachio, uniq_sigmund, uniq_edmund,
          uniq_menkaure
D:6:      layout_gridville, minmay_temple_entry_butterflies, uniq_maggie

Table legend:
 A = Turns spent in this place as a percentage of turns spent in the entire game.
 B = Non-inter-level travel turns spent in this place as a percentage of non-inter-level travel turns spent in the entire game.
 C = Inter-level travel turns spent in this place as a percentage of turns spent in this place.
 D = Turns resting spent in this place as a percentage of non-inter-level travel turns spent in this place.
 E = Turns spent auto-exploring this place as a percentage of non-inter-level travel turns spent in this place.
 F = Non-inter-level travel turns spent in this place divided by the number of levels of this place that you've seen.
                   A       B       C       D       E      F
               +-------+-------+-------+-------+-------+----------------------
         Total | 100.0 | 100.0 |   2.2 |  35.7 |  45.9 | 733.2
       Dungeon | 100.0 | 100.0 |   2.2 |  35.7 |  45.9 | 733.2
               +-------+-------+-------+-------+-------+----------------------

Table legend:
 A = Kills in this place as a percentage of kills in entire the game.
 B = Kills by you in this place as a percentage of kills by you in the entire game.
 C = Kills by friends in this place as a percentage of kills by friends in the entire game.
 D = Other kills in this place as a percentage of other kills in the entire game.
 E = Experience gained in this place as a percentage of experience gained in the entire game.
 F = Experience gained in this place divided by the number of levels of this place that you have seen.
                   A       B       C       D       E      F
               +-------+-------+-------+-------+-------+----------------------
         Total | 100.0 | 100.0 |   N/A |   N/A | 100.0 |  40.2
       Dungeon | 100.0 | 100.0 |   N/A |   N/A | 100.0 |  40.2
               +-------+-------+-------+-------+-------+----------------------
